Marlies vs Icehogs

Created - January 4, 2022 at 19:01

Goals
1 2 3 T
Marlies 1 2 3 6
Icehogs 3 3 2 8
Shots
1 2 3 T
Marlies 9 18 18 45
Icehogs 15 13 7 35

1st period

1. Marlies , Johan Larsson 1 (Tim Erixon 3) at 3:38
2. Icehogs , Ryan Hartman 4 (Tanner Richard 5, Ben Harpur 9) at 8:54
3. Icehogs , Sam Reinhart 5 (Ryan Hartman 8, Petter Granberg 1) at 13:01 (PP)
4. Icehogs , Tanner Richard 2 (Curtis Lazar 6, Petter Granberg 2) at 13:36

Penalties :
Haydn Fleury (Tor) for Interference (Minor) at 7:22, Curtis Lazar (Roc) for Holding (Minor) at 8:37, Nicholas Baptiste (Tor) for Hooking (Minor) at 12:43

2nd period

5. Marlies , Nick Ritchie 7 (Pavel Zacha 6, Nicholas Baptiste 6) at 2:42
6. Icehogs , Mattias Janmark 3 (Curtis Lazar 7, Tanner Richard 6) at 3:53
7. Marlies , Nicholas Baptiste 6 (Nick Ritchie 7, Neal Pionk 9) at 4:09
8. Icehogs , Myles Bell 2 (Rhett Rakhshani 5, Clark Bishop 1) at 7:33
9. Icehogs , Curtis Lazar 4 (Tanner Richard 7) at 13:31

Penalties :
Patrick Sieloff (Roc) for High sticking (Minor) at 5:20, Logan Brown (Tor) for Interference (Minor) at 10:06, Ryan Hartman (Roc) for Hooking (Minor) at 13:43

3rd period

10. Icehogs , Tanner Richard 3 (Mattias Janmark 4, Curtis Lazar 8) at 2:07
11. Marlies , Mathieu Olivier 2 (Neal Pionk 10, Colton Sissons 4) at 2:58
12. Marlies , Tobias Lindberg 1 (Aleksi Saarela 2, Jeff Corbett 3) at 8:57
13. Marlies , Nick Ritchie 8 (Jeff Corbett 4) at 9:43
14. Icehogs , Sam Reinhart 6 (Ryan Hartman 9, Mikhail Grigorenko 5) at 18:19 (PP)

Penalties :
Mikhail Grigorenko (Roc) for Hooking (Minor) at 6:44, Pavel Zacha (Tor) for High sticking (Minor) at 14:30, Nicholas Baptiste (Tor) for Hooking (Minor) at 18:12

Goalie Stats

Charlie Lindgren (Tor), 14 saves from 18 shots - (0.778), L, 2-2-1, 36:07 minutes
Malcolm Subban (Tor), 13 saves from 17 shots - (0.765), 23:53 minutes
Mackenzie Blackwood (Roc), 39 saves from 45 shots - (0.867), W, 1-2-0, 60:00 minutes

Players Stats for Marlies

Player Name              G  A  P  +/- PIM S  H  SB GA TA FO     MP     PP MP  PK MP  
------------------------------------------------------------------------------------
Aleksi Saarela           0  1  1   1  0   3  0  0  0  0  3/6     8:50   0:00   1:15 
Brett Pesce              0  0  0  -4  0   1  0  1  0  0  0/0    22:12   4:33   2:16 
Colton Sissons           0  1  1  -2  0   5  2  0  0  0  10/22  18:25   3:51   3:29 
Haydn Fleury             0  0  0   2  2   2  0  2  0  2  0/0    25:20   2:40   2:25 
Jeff Corbett             0  2  2   2  0   2  1  1  0  1  0/0    12:21   0:00   1:00 
Johan Larsson            1  0  1   1  0   3  0  0  0  0  1/1     8:56   0:00   0:48 
JT Compher               0  0  0  -2  0   4  1  0  0  0  0/0    16:25   3:21   1:21 
Linden Vey               0  0  0  -2  0   2  1  1  1  0  2/2    15:10   3:51   0:00 
Logan Brown              0  0  0  -2  2   1  3  0  0  0  8/12   11:47   0:00   0:10 
Lucas Carlsson           0  0  0   2  0   3  0  0  0  0  0/0    10:02   0:00   0:00 
Mathieu Olivier          1  0  1  -1  0   1  2  0  0  0  0/0    10:13   0:00   0:00 
Neal Pionk               0  2  2   2  0   2  2  0  0  0  0/0    25:06   4:32   1:58 
Nicholas Baptiste        1  1  2   3  4   7  0  0  1  0  0/0    20:08   3:20   0:00 
Nick Ritchie             2  1  3   2  0   2  6  1  2  0  0/1    24:26   3:51   3:29 
Pavel Zacha              0  1  1   3  2   4  1  0  0  0  15/32  21:47   3:21   0:44 
Tim Erixon               0  1  1  -4  0   2  0  2  1  1  0/0    24:59   2:40   3:37 
Tobias Lindberg          1  0  1   1  0   1  1  0  0  0  0/0     7:13   0:00   0:00 
Tyler Benson             0  0  0  -1  0   0  1  0  0  0  0/0    10:13   0:00   0:00 

Players Stats for Icehogs

Player Name              G  A  P  +/- PIM S  H  SB GA TA FO     MP     PP MP  PK MP  
------------------------------------------------------------------------------------
Ben Harpur               0  1  1  -2  0   1  5  1  0  1  0/0    30:31   3:50   4:20 
Clark Bishop             0  1  1  -1  0   0  0  0  0  0  2/8    10:41   0:00   1:25 
Curtis Lazar             1  3  4   2  2   3  4  0  1  0  0/0    17:39   2:09   1:20 
Jackson Cates            0  0  0   0  0   0  0  0  0  0  2/5     6:19   0:00   0:00 
Mattias Janmark          1  1  2   1  0   1  4  0  0  0  1/1    17:45   2:10   1:20 
Mike Reilly              0  0  0   0  0   0  1  2  0  0  0/0    19:24   1:48   2:52 
Mikhail Grigorenko       0  1  1  -3  2   6  3  1  0  0  1/1    20:22   3:21   0:06 
Myles Bell               1  0  1   0  0   1  0  0  0  0  0/0     9:10   0:07   0:00 
Nick Mattson             0  0  0   0  0   1  1  2  0  0  0/0    19:24   1:48   2:52 
Nick Paul                0  0  0   0  0   4  0  0  2  0  0/2     8:37   0:00   1:54 
Nikita Scherbak          0  0  0   0  0   1  0  0  0  0  0/0     6:26   0:07   0:00 
Patrick Sieloff          0  0  0   2  2   2  1  0  0  0  0/0    10:09   0:00   0:00 
Petter Granberg          0  2  2  -2  0   2  2  4  0  2  0/0    30:31   3:50   4:20 
Philippe Myers           0  0  0   2  0   1  0  1  0  1  0/0    10:05   0:00   0:00 
Rhett Rakhshani          0  1  1   0  0   1  1  0  0  0  0/0     9:10   0:07   0:00 
Ryan Hartman             1  2  3  -1  2   4  2  1  0  1  23/43  23:33   3:21   2:47 
Sam Reinhart             2  0  2  -2  0   4  1  1  0  0  1/2    21:46   3:21   1:43 
Tanner Richard           2  3  5   3  0   3  1  1  1  0  7/14   20:27   2:10   3:49 

3 Stars

1 - Tanner Richard (Roc)
2 - Nick Ritchie (Tor)
3 - Curtis Lazar (Roc)

Power Play

Marlies - 0 on 5 Attempt(s) - 0.00%
Icehogs - 2 on 4 Attempt(s) - 50.00%

Penalty Kill

Marlies - 2 on 4 Attempt(s) - 50.00% - Score 0 goal in Penalty Kill
Icehogs - 5 on 5 Attempt(s) - 100.00% - Score 0 goal in Penalty Kill

Team Stat

Marlies - Hits : 21 - Faceoff Wins : 39 - Blocked Shots : 8 - Penalty Minutes : 10
Icehogs - Hits : 26 - Faceoff Wins : 37 - Blocked Shots : 14 - Penalty Minutes : 8

Official

Referees : Kendrick Nicholson and Marc Joannette
Linesman : Travis Gawryletz and Ryan Gibbons

Game Notes

Charlie Lindgren enters game at 3:53 of 2nd period
1:06 of 3rd period - Penalty Shot by Mike Reilly for Icehogs - Stopped by Charlie Lindgren
Brett Pesce is injured at 14:08 of 3rd period (Left Leg)

Finance

Level 1 -- Attendance: 1875 (93.75%) -- Ticket Income $65,625
Level 2 -- Attendance: 906 (90.60%) -- Ticket Income $13,590
Total Attendance: 2781 (92.70%)
Total Ticket Income: $79,215
Other Income: $3,961
Total Income: $83,176

Marlies

5 vs 5 Forward 
   Center                   Left Wing                Right Wing               Time % Phy DF OF 
 1 Pavel Zacha              Nick Ritchie             Nicholas Baptiste        40     1   2  2  
 2 Logan Brown              JT Compher               Linden Vey               30     1   2  2  
 3 Colton Sissons           Tyler Benson             Mathieu Olivier          20     1   2  2  
 4 Aleksi Saarela           Johan Larsson            Tobias Lindberg          10     1   2  2  

5 vs 5 Defense 
   Defense                  Defense                                           Time % Phy DF OF 
 1 Haydn Fleury             Neal Pionk                                        40     1   2  2  
 2 Tim Erixon               Brett Pesce                                       30     1   2  2  
 3 Jeff Corbett             Lucas Carlsson                                    20     1   2  2  
 4 Haydn Fleury             Tim Erixon                                        10     1   2  2  

PowerPlay Forward 
   Center                   Left Wing                Right Wing               Time % Phy DF OF 
 1 Colton Sissons           Nick Ritchie             Linden Vey               60     1   2  2  
 2 Pavel Zacha              JT Compher               Nicholas Baptiste        40     1   2  2  

PowerPlay Defense
   Defense                  Defense                                           Time % Phy DF OF 
 1 Neal Pionk               Brett Pesce                                       60     1   2  2  
 2 Haydn Fleury             Tim Erixon                                        40     1   2  2  

Penalty Kill 4 Players Forward 
   Center                   Wing                     Time % Phy DF OF 
 1 Colton Sissons           Nick Ritchie             60     1   2  2  
 2 Pavel Zacha              JT Compher               40     1   2  2  

Penalty Kill 4 Players Defense
   Defense                  Defense                  Time % Phy DF OF 
 1 Haydn Fleury             Tim Erixon               60     1   2  2  
 2 Neal Pionk               Brett Pesce              40     1   2  2  

Penalty Kill - 3 Players Forward 
   Forward                                           Time % Phy DF OF 
 1 Colton Sissons                                    60     1   2  2  
 2 Pavel Zacha                                       40     1   2  2  

Penalty Kill - 3 Players Defense
   Defense                  Defense                  Time % Phy DF OF 
 1 Haydn Fleury             Tim Erixon               60     1   2  2  
 2 Neal Pionk               Brett Pesce              40     1   2  2  

4 vs 4 Forward 
   Center                   Wing                     Time % Phy DF OF 
 1 Colton Sissons           Nick Ritchie             60     1   2  2  
 2 Pavel Zacha              JT Compher               40     1   2  2  

4 vs 4 Defense
   Defense                  Defense                  Time % Phy DF OF 
 1 Haydn Fleury             Tim Erixon               60     1   2  2  
 2 Neal Pionk               Brett Pesce              40     1   2  2  

Last Minutes Offensive
   Center                   Left Wing                Right Wing               Defense                  Defense                  
   Colton Sissons           Nick Ritchie             Linden Vey               Haydn Fleury             Neal Pionk               

Last Minutes Defensive
   Center                   Left Wing                Right Wing               Defense                  Defense                  
   Colton Sissons           Nick Ritchie             Linden Vey               Haydn Fleury             Tim Erixon               

Goaltenders
Starting : Malcolm Subban           
Backup : Charlie Lindgren         

Extra Forwards
Normal : Colton Sissons, Pavel Zacha, Nicholas Baptiste - PP : Colton Sissons, Pavel Zacha - PK : Colton Sissons
Extra Defensemen
Normal : Brett Pesce, Jeff Corbett, Lucas Carlsson - PP : Brett Pesce - PK : Brett Pesce, Jeff Corbett
Penalty Shots
Colton Sissons, Aleksi Saarela, JT Compher, Linden Vey, Pavel Zacha

Scratches
Brycen Martin (Healthy), Dennis Gilbert (Healthy), Henri Ikonen (Healthy), Jaden Lindo (Healthy), Jakob Forsbacka-Karlsson (Healthy)
Radovan Bondra (Healthy), Shane Prince (Healthy), Simon Bourque (Healthy), Zack MacEwen (Healthy), Otto Koivula (Healthy)
Jamie Phillips (Healthy)

Icehogs

5 vs 5 Forward 
   Center                   Left Wing                Right Wing               Time % Phy DF OF 
 1 Ryan Hartman             Mikhail Grigorenko       Sam Reinhart             40     1   2  2  
 2 Tanner Richard           Mattias Janmark          Curtis Lazar             30     1   2  2  
 3 Clark Bishop             Myles Bell               Rhett Rakhshani          20     1   2  2  
 4 Jackson Cates            Nick Paul                Nikita Scherbak          10     1   2  2  

5 vs 5 Defense 
   Defense                  Defense                                           Time % Phy DF OF 
 1 Petter Granberg          Ben Harpur                                        40     1   2  2  
 2 Nick Mattson             Mike Reilly                                       30     1   2  2  
 3 Patrick Sieloff          Philippe Myers                                    20     1   2  2  
 4 Petter Granberg          Ben Harpur                                        10     1   2  2  

PowerPlay Forward 
   Center                   Left Wing                Right Wing               Time % Phy DF OF 
 1 Ryan Hartman             Mikhail Grigorenko       Sam Reinhart             60     1   2  2  
 2 Tanner Richard           Mattias Janmark          Curtis Lazar             40     1   2  2  

PowerPlay Defense
   Defense                  Defense                                           Time % Phy DF OF 
 1 Petter Granberg          Ben Harpur                                        60     1   2  2  
 2 Nick Mattson             Mike Reilly                                       40     1   2  2  

Penalty Kill 4 Players Forward 
   Center                   Wing                     Time % Phy DF OF 
 1 Ryan Hartman             Tanner Richard           60     1   2  2  
 2 Sam Reinhart             Curtis Lazar             40     1   2  2  

Penalty Kill 4 Players Defense
   Defense                  Defense                  Time % Phy DF OF 
 1 Petter Granberg          Ben Harpur               60     1   2  2  
 2 Nick Mattson             Mike Reilly              40     1   2  2  

Penalty Kill - 3 Players Forward 
   Forward                                           Time % Phy DF OF 
 1 Ryan Hartman                                      60     1   2  2  
 2 Tanner Richard                                    40     1   2  2  

Penalty Kill - 3 Players Defense
   Defense                  Defense                  Time % Phy DF OF 
 1 Petter Granberg          Ben Harpur               60     1   2  2  
 2 Nick Mattson             Mike Reilly              40     1   2  2  

4 vs 4 Forward 
   Center                   Wing                     Time % Phy DF OF 
 1 Ryan Hartman             Tanner Richard           60     1   2  2  
 2 Sam Reinhart             Curtis Lazar             40     1   2  2  

4 vs 4 Defense
   Defense                  Defense                  Time % Phy DF OF 
 1 Petter Granberg          Ben Harpur               60     1   2  2  
 2 Nick Mattson             Mike Reilly              40     1   2  2  

Last Minutes Offensive
   Center                   Left Wing                Right Wing               Defense                  Defense                  
   Ryan Hartman             Mikhail Grigorenko       Sam Reinhart             Petter Granberg          Ben Harpur               

Last Minutes Defensive
   Center                   Left Wing                Right Wing               Defense                  Defense                  
   Ryan Hartman             Mikhail Grigorenko       Sam Reinhart             Petter Granberg          Ben Harpur               

Goaltenders
Starting : Mackenzie Blackwood      
Backup : Joe Cannata              

Extra Forwards
Normal : Rhett Rakhshani, Myles Bell, Nick Paul - PP : Rhett Rakhshani, Myles Bell - PK : Nick Paul
Extra Defensemen
Normal : Patrick Sieloff, Philippe Myers, Nick Mattson - PP : Patrick Sieloff - PK : Philippe Myers, Nick Mattson
Penalty Shots
Ryan Hartman, Tanner Richard, Sam Reinhart, Curtis Lazar, Mikhail Grigorenko

Scratches
Calle Andersson (Healthy), Duncan Siemens (Healthy), JJ. Piccinich (Healthy), Julius Honka (Healthy), Kurtis Gabriel (Healthy)
Michael Chaput (Torn Left ACL Injury), Patrick Russell (Healthy), Ross Johnston (Healthy), Zach Whitecloud (Healthy), Dillon Dube (Healthy)
Jeremy Davies (Healthy), Michael Giugovaz (Healthy), Jack LaFontaine (Healthy)

% Time on Ice - Marlies

Lines # - Real PCT - Wanted PCT - Time Play
Normal Forward
1 - 37% - 40% - 17:19
2 - 25% - 30% - 11:41
3 - 22% - 20% - 10:13
4 - 16% - 10% - 7:13
Normal Defense
1 - 41% - 40% - 18:53
2 - 33% - 30% - 15:07
3 - 22% - 20% - 10:02
4 - 5% - 10% - 2:24
PP Forward
1 - 53% - 60% - 3:51
2 - 47% - 40% - 3:21
PP Defense
1 - 63% - 60% - 4:33
2 - 37% - 40% - 2:39
PK Forward
1 - 76% - 60% - 4:17
2 - 24% - 40% - 1:21
PK Defense
1 - 62% - 60% - 3:30
2 - 38% - 40% - 2:08
PK3 Forward
1 - 0% - 60%
2 - 0% - 40%
PK3 Defense
1 - 0% - 60%
2 - 0% - 40%
44 Forward
1 - 95% - 60% - 0:42
2 - 5% - 40% - 0:02
44 Defense
1 - 100% - 60% - 0:44
2 - 0% - 40% - 0:00
Last Minute Offensive  - 0:00
Last Minute Defensive  - 0:00
Total
Forward - 60:00
Defense - 60:00

% Time on Ice - Icehogs

Lines # - Real PCT - Wanted PCT - Time Play
Normal Forward
1 - 38% - 40% - 17:32
2 - 30% - 30% - 13:50
3 - 19% - 20% - 8:45
4 - 14% - 10% - 6:19
Normal Defense
1 - 41% - 40% - 19:12
2 - 32% - 30% - 14:44
3 - 22% - 20% - 10:05
4 - 5% - 10% - 2:25
PP Forward
1 - 62% - 60% - 3:28
2 - 38% - 40% - 2:10
PP Defense
1 - 68% - 60% - 3:50
2 - 32% - 40% - 1:48
PK Forward
1 - 76% - 60% - 5:29
2 - 24% - 40% - 1:43
PK Defense
1 - 60% - 60% - 4:20
2 - 40% - 40% - 2:52
PK3 Forward
1 - 0% - 60%
2 - 0% - 40%
PK3 Defense
1 - 0% - 60%
2 - 0% - 40%
44 Forward
1 - 100% - 60% - 0:44
2 - 0% - 40% - 0:00
44 Defense
1 - 100% - 60% - 0:44
2 - 0% - 40% - 0:00
Last Minute Offensive  - 0:00
Last Minute Defensive  - 0:00
Total
Forward - 60:00
Defense - 60:00

Play-by-Play

1st period


0:01 of 1st period - Ryan Hartman wins face-off versus Pavel Zacha in neutral zone.
0:04 of 1st period - Snap shot by Sam Reinhart.
0:04 of 1st period - Stopped by Malcolm Subban without a rebound.
0:05 of 1st period - Pavel Zacha wins face-off versus Ryan Hartman in Marlies zone.
1:38 of 1st period - Snap shot by Colton Sissons.
1:38 of 1st period - Stopped by Mackenzie Blackwood without a rebound.
1:39 of 1st period - Ryan Hartman wins face-off versus Pavel Zacha in Icehogs zone.
2:02 of 1st period - Tim Erixon is hit by Patrick Sieloff and loses puck.
2:25 of 1st period - Snap shot by Curtis Lazar.
2:25 of 1st period - Stopped by Malcolm Subban without a rebound.
2:26 of 1st period - Tanner Richard wins face-off versus Aleksi Saarela in Marlies zone.
3:25 of 1st period - Wrist shot by Brett Pesce.
3:25 of 1st period - Stopped by Mackenzie Blackwood with a rebound.
3:38 of 1st period - Snap shot by Johan Larsson.
3:38 of 1st period - Goal by Johan Larsson - Marlies : 1 - Icehogs : 0.
3:39 of 1st period - Clark Bishop wins face-off versus Pavel Zacha in neutral zone.
4:06 of 1st period - Petter Granberg is hit by Logan Brown and loses puck.
5:52 of 1st period - Snap shot by Aleksi Saarela.
5:52 of 1st period - Shot Misses the Net.
5:56 of 1st period - Wrist shot by Aleksi Saarela.
5:56 of 1st period - Stopped by Mackenzie Blackwood with a rebound.
5:58 of 1st period - Wrist shot by Jeff Corbett.
5:58 of 1st period - Shot Blocked by Mikhail Grigorenko.
6:00 of 1st period - Slapshot by Lucas Carlsson.
6:00 of 1st period - Stopped by Mackenzie Blackwood with a rebound.
6:02 of 1st period - Slapshot by Jeff Corbett.
6:02 of 1st period - Stopped by Mackenzie Blackwood with a rebound.
6:12 of 1st period - Snap shot by Ryan Hartman.
6:12 of 1st period - Shot Misses the Net.
6:42 of 1st period - Snap shot by Nikita Scherbak.
6:42 of 1st period - Shot Misses the Net.
6:51 of 1st period - Icing by Nick Mattson.
6:52 of 1st period - Jackson Cates wins face-off versus Logan Brown in Icehogs zone.
6:58 of 1st period - Patrick Sieloff is hit by JT Compher and loses puck.
7:15 of 1st period - Off-side.
7:16 of 1st period - Pavel Zacha wins face-off versus Clark Bishop in neutral zone.
7:22 of 1st period - Minor Penalty to Haydn Fleury for Interference.
7:23 of 1st period - Mikhail Grigorenko wins face-off versus Colton Sissons in Marlies zone.
7:27 of 1st period - Slapshot by Ryan Hartman.
7:27 of 1st period - Stopped by Malcolm Subban with a rebound.
7:34 of 1st period - Icing by Ryan Hartman.
7:35 of 1st period - Ryan Hartman wins face-off versus Colton Sissons in Icehogs zone.
7:35 of 1st period - Ryan Hartman is hit by Nick Ritchie.
7:45 of 1st period - Snap shot by Mikhail Grigorenko.
7:45 of 1st period - Stopped by Malcolm Subban without a rebound.
7:46 of 1st period - Ryan Hartman wins face-off versus Colton Sissons in Marlies zone.
8:11 of 1st period - Tim Erixon is hit by Petter Granberg and loses puck.
8:30 of 1st period - Snap shot by Colton Sissons.
8:30 of 1st period - Shot Misses the Net.
8:32 of 1st period - Backhand shot by Pavel Zacha.
8:32 of 1st period - Stopped by Mackenzie Blackwood with a rebound.
8:34 of 1st period - Snap shot by JT Compher.
8:34 of 1st period - Stopped by Mackenzie Blackwood without a rebound.
8:35 of 1st period - Mattias Janmark wins face-off versus Pavel Zacha in Icehogs zone.
8:37 of 1st period - Minor Penalty to Curtis Lazar for Holding.
8:38 of 1st period - Ryan Hartman wins face-off versus Colton Sissons in Icehogs zone.
8:54 of 1st period - Wrist shot by Ryan Hartman.
8:54 of 1st period - Goal by Ryan Hartman - Marlies : 1 - Icehogs : 1.
8:55 of 1st period - Colton Sissons wins face-off versus Ryan Hartman in neutral zone.
9:22 of 1st period - Penalty to Haydn Fleury is over, Haydn Fleury is back on ice.
9:39 of 1st period - Ben Harpur is hit by Neal Pionk and loses puck.
10:00 of 1st period - Sam Reinhart is hit by Colton Sissons and loses puck.
10:37 of 1st period - Penalty to Curtis Lazar is over, Curtis Lazar is back on ice.
10:42 of 1st period - Wrist shot by Rhett Rakhshani.
10:42 of 1st period - Stopped by Malcolm Subban with a rebound.
10:59 of 1st period - Backhand shot by Nick Paul.
10:59 of 1st period - Shot Hit the Post.
11:01 of 1st period - Slapshot by Philippe Myers.
11:01 of 1st period - Stopped by Malcolm Subban with a rebound.
11:13 of 1st period - Neal Pionk is hit by Mikhail Grigorenko and loses puck.
11:47 of 1st period - Philippe Myers is hit by Colton Sissons.
11:59 of 1st period - Icing by Colton Sissons.
12:00 of 1st period - Ryan Hartman wins face-off versus Colton Sissons in Marlies zone.
12:19 of 1st period - Snap shot by Linden Vey.
12:19 of 1st period - Shot Blocked by Petter Granberg.
12:21 of 1st period - Wrist shot by Lucas Carlsson.
12:21 of 1st period - Deflect By Petter Granberg.
12:21 of 1st period - Stopped by Mackenzie Blackwood without a rebound.
12:22 of 1st period - Pavel Zacha wins face-off versus Clark Bishop in Icehogs zone.
12:43 of 1st period - Minor Penalty to Nicholas Baptiste for Hooking.
12:44 of 1st period - Ryan Hartman wins face-off versus Colton Sissons in Marlies zone.
12:49 of 1st period - Snap shot by Ryan Hartman.
12:49 of 1st period - Shot Blocked by Tim Erixon.
12:51 of 1st period - Slapshot by Mikhail Grigorenko.
12:51 of 1st period - Stopped by Malcolm Subban without a rebound.
12:52 of 1st period - Colton Sissons wins face-off versus Ryan Hartman in Marlies zone.
13:01 of 1st period - Wrist shot by Sam Reinhart.
13:01 of 1st period - Goal by Sam Reinhart - Marlies : 1 - Icehogs : 2.
13:02 of 1st period - Ryan Hartman wins face-off versus Pavel Zacha in neutral zone.
13:11 of 1st period - Wrist shot by Mikhail Grigorenko.
13:11 of 1st period - Stopped by Malcolm Subban with a rebound.
13:15 of 1st period - Wrist shot by Mikhail Grigorenko.
13:15 of 1st period - Shot Misses the Net.
13:27 of 1st period - JT Compher is hit by Ben Harpur and loses puck.
13:34 of 1st period - Snap shot by Curtis Lazar.
13:34 of 1st period - Shot Blocked by Linden Vey.
13:36 of 1st period - Slapshot by Tanner Richard.
13:36 of 1st period - Goal by Tanner Richard - Marlies : 1 - Icehogs : 3.
13:37 of 1st period - Ryan Hartman wins face-off versus Pavel Zacha in neutral zone.
13:56 of 1st period - Brett Pesce is hit by Ryan Hartman.
14:00 of 1st period - Ryan Hartman is hit by Nick Ritchie and loses puck.
14:13 of 1st period - Wrist shot by Mikhail Grigorenko.
14:13 of 1st period - Shot Blocked by Brett Pesce.
14:19 of 1st period - Snap shot by Ryan Hartman.
14:19 of 1st period - Shot Blocked by Nick Ritchie.
14:35 of 1st period - Backhand shot by Ryan Hartman.
14:35 of 1st period - Shot Misses the Net.
14:37 of 1st period - Snap shot by Mikhail Grigorenko.
14:37 of 1st period - Stopped by Malcolm Subban with a rebound.
14:39 of 1st period - Wrist shot by Sam Reinhart.
14:39 of 1st period - Stopped by Malcolm Subban with a rebound.
14:41 of 1st period - Snap shot by Sam Reinhart.
14:41 of 1st period - Shot Blocked by Tim Erixon.
14:43 of 1st period - Snap shot by Mikhail Grigorenko.
14:43 of 1st period - Shot Misses the Net.
14:45 of 1st period - Backhand shot by Ben Harpur.
14:45 of 1st period - Stopped by Malcolm Subban with a rebound.
14:51 of 1st period - Wrist shot by Ryan Hartman.
14:51 of 1st period - Stopped by Malcolm Subban without a rebound.
14:52 of 1st period - Logan Brown wins face-off versus Tanner Richard in Marlies zone.
14:52 of 1st period - Logan Brown is hit by Nick Mattson.
14:55 of 1st period - Icing by Haydn Fleury.
14:56 of 1st period - Linden Vey wins face-off versus Tanner Richard in Marlies zone.
15:29 of 1st period - Snap shot by Myles Bell.
15:29 of 1st period - Shot Misses the Net.
18:05 of 1st period - Haydn Fleury is hit by Ben Harpur and loses puck.
18:27 of 1st period - Curtis Lazar is hit by Mathieu Olivier and loses puck.
18:34 of 1st period - Colton Sissons is hit by Curtis Lazar and loses puck.
19:25 of 1st period - Haydn Fleury is hit by Tanner Richard and loses puck.
19:36 of 1st period - Philippe Myers is hit by Neal Pionk and loses puck.
19:48 of 1st period - Curtis Lazar is hit by Mathieu Olivier and loses puck.
Goals for this period are 1 for Marlies vs 3 for Icehogs.
Shots for this period are 9 for Marlies vs 15 for Icehogs.

2nd period


0:01 of 2nd period - Pavel Zacha wins face-off versus Ryan Hartman in neutral zone.
0:06 of 2nd period - Snap shot by Nicholas Baptiste.
0:06 of 2nd period - Shot Misses the Net.
0:08 of 2nd period - Snap shot by Nick Ritchie.
0:08 of 2nd period - Shot Misses the Net.
0:10 of 2nd period - Slapshot by Haydn Fleury.
0:10 of 2nd period - Stopped by Mackenzie Blackwood with a rebound.
0:26 of 2nd period - Myles Bell is hit by Logan Brown.
2:10 of 2nd period - Slapshot by Neal Pionk.
2:10 of 2nd period - Stopped by Mackenzie Blackwood without a rebound.
2:11 of 2nd period - Tanner Richard wins face-off versus Colton Sissons in Icehogs zone.
2:26 of 2nd period - Snap shot by Mattias Janmark.
2:26 of 2nd period - Deflect By Curtis Lazar.
2:26 of 2nd period - Stopped by Malcolm Subban without a rebound.
2:27 of 2nd period - Ryan Hartman wins face-off versus Pavel Zacha in Marlies zone.
2:40 of 2nd period - Snap shot by Nick Ritchie.
2:40 of 2nd period - Shot Blocked by Mike Reilly.
2:42 of 2nd period - Wrist shot by Nick Ritchie.
2:42 of 2nd period - Goal by Nick Ritchie - Marlies : 2 - Icehogs : 3.
2:43 of 2nd period - Pavel Zacha wins face-off versus Ryan Hartman in neutral zone.
2:46 of 2nd period - Wrist shot by Nicholas Baptiste.
2:46 of 2nd period - Stopped by Mackenzie Blackwood with a rebound.
2:59 of 2nd period - Off-side.
3:00 of 2nd period - Logan Brown wins face-off versus Clark Bishop in neutral zone.
3:26 of 2nd period - Neal Pionk is hit by Ben Harpur and loses puck.
3:51 of 2nd period - Slapshot by Curtis Lazar.
3:51 of 2nd period - Shot Hit the Post.
3:53 of 2nd period - Slapshot by Mattias Janmark.
3:53 of 2nd period - Goal by Mattias Janmark - Marlies : 2 - Icehogs : 4.
3:53 of 2nd period - Charlie Lindgren enters game.
3:54 of 2nd period - Pavel Zacha wins face-off versus Ryan Hartman in neutral zone.
4:03 of 2nd period - Slapshot by Nick Ritchie.
4:03 of 2nd period - Shot Misses the Net.
4:09 of 2nd period - Snap shot by Nick Ritchie.
4:09 of 2nd period - Deflect By Nicholas Baptiste.
4:09 of 2nd period - Goal by Nicholas Baptiste - Marlies : 3 - Icehogs : 4.
4:10 of 2nd period - Ryan Hartman wins face-off versus Pavel Zacha in neutral zone.
4:15 of 2nd period - Slapshot by Petter Granberg.
4:15 of 2nd period - Deflect By Nick Ritchie.
4:15 of 2nd period - Stopped by Charlie Lindgren with a rebound.
4:37 of 2nd period - Petter Granberg is hit by Logan Brown and loses puck.
5:20 of 2nd period - Minor Penalty to Patrick Sieloff for High sticking.
5:21 of 2nd period - Colton Sissons wins face-off versus Ryan Hartman in Icehogs zone.
5:23 of 2nd period - Wrist shot by Linden Vey.
5:23 of 2nd period - Stopped by Mackenzie Blackwood without a rebound.
5:24 of 2nd period - Colton Sissons wins face-off versus Ryan Hartman in Icehogs zone.
5:33 of 2nd period - Snap shot by Colton Sissons.
5:33 of 2nd period - Shot Blocked by Ryan Hartman.
6:14 of 2nd period - Backhand shot by Nicholas Baptiste.
6:14 of 2nd period - Stopped by Mackenzie Blackwood with a rebound.
6:16 of 2nd period - Snap shot by JT Compher.
6:16 of 2nd period - Shot Misses the Net.
6:18 of 2nd period - Backhand shot by Nicholas Baptiste.
6:18 of 2nd period - Shot Blocked by Sam Reinhart.
6:36 of 2nd period - Wrist shot by JT Compher.
6:36 of 2nd period - Shot Misses the Net.
6:38 of 2nd period - Snap shot by Nicholas Baptiste.
6:38 of 2nd period - Stopped by Mackenzie Blackwood without a rebound.
6:39 of 2nd period - Colton Sissons wins face-off versus Ryan Hartman in Icehogs zone.
7:20 of 2nd period - Penalty to Patrick Sieloff is over, Patrick Sieloff is back on ice.
7:27 of 2nd period - Off-side.
7:28 of 2nd period - Clark Bishop wins face-off versus Aleksi Saarela in neutral zone.
7:33 of 2nd period - Wrist shot by Myles Bell.
7:33 of 2nd period - Goal by Myles Bell - Marlies : 3 - Icehogs : 5.
7:34 of 2nd period - Pavel Zacha wins face-off versus Ryan Hartman in neutral zone.
8:03 of 2nd period - Off-side.
8:04 of 2nd period - Linden Vey wins face-off versus Tanner Richard in neutral zone.
8:07 of 2nd period - Mike Reilly is hit by Linden Vey and loses puck.
8:24 of 2nd period - Slapshot by Nick Mattson.
8:24 of 2nd period - Stopped by Charlie Lindgren with a rebound.
8:26 of 2nd period - Slapshot by Nick Mattson.
8:26 of 2nd period - Shot Misses the Net.
8:28 of 2nd period - Slapshot by Tanner Richard.
8:28 of 2nd period - Stopped by Charlie Lindgren without a rebound.
8:29 of 2nd period - Ryan Hartman wins face-off versus Pavel Zacha in Marlies zone.
9:38 of 2nd period - Snap shot by JT Compher.
9:38 of 2nd period - Stopped by Mackenzie Blackwood without a rebound.
9:39 of 2nd period - Logan Brown wins face-off versus Tanner Richard in Icehogs zone.
9:48 of 2nd period - Wrist shot by Linden Vey.
9:48 of 2nd period - Stopped by Mackenzie Blackwood without a rebound.
9:49 of 2nd period - Sam Reinhart wins face-off versus Logan Brown in Icehogs zone.
10:03 of 2nd period - Off-side.
10:04 of 2nd period - Logan Brown wins face-off versus Ryan Hartman in neutral zone.
10:06 of 2nd period - Minor Penalty to Logan Brown for Interference.
10:07 of 2nd period - Ryan Hartman wins face-off versus Colton Sissons in Marlies zone.
10:07 of 2nd period - Wrist shot by Sam Reinhart.
10:07 of 2nd period - Deflect By Ryan Hartman.
10:07 of 2nd period - Shot Blocked by Haydn Fleury.
10:07 of 2nd period - Puck is out of play.
10:08 of 2nd period - Colton Sissons wins face-off versus Ryan Hartman in Marlies zone.
10:57 of 2nd period - Colton Sissons is hit by Mike Reilly and loses puck.
11:08 of 2nd period - Mattias Janmark is hit by Pavel Zacha.
11:31 of 2nd period - Brett Pesce is hit by Ryan Hartman and loses puck.
12:06 of 2nd period - Penalty to Logan Brown is over, Logan Brown is back on ice.
12:06 of 2nd period - Slapshot by Pavel Zacha.
12:06 of 2nd period - Shot Misses the Net.
12:08 of 2nd period - Slapshot by Tim Erixon.
12:08 of 2nd period - Shot Blocked by Petter Granberg.
12:10 of 2nd period - Snap shot by JT Compher.
12:10 of 2nd period - Shot Misses the Net.
12:12 of 2nd period - Slapshot by Haydn Fleury.
12:12 of 2nd period - Stopped by Mackenzie Blackwood with a rebound.
12:14 of 2nd period - Slapshot by Logan Brown.
12:14 of 2nd period - Stopped by Mackenzie Blackwood with a rebound.
12:16 of 2nd period - Snap shot by JT Compher.
12:16 of 2nd period - Shot Misses the Net.
12:18 of 2nd period - Snap shot by Pavel Zacha.
12:18 of 2nd period - Stopped by Mackenzie Blackwood with a rebound.
12:55 of 2nd period - Snap shot by Nick Paul.
12:55 of 2nd period - Stopped by Charlie Lindgren with a rebound.
12:57 of 2nd period - Snap shot by Nikita Scherbak.
12:57 of 2nd period - Deflect By Nick Paul.
12:57 of 2nd period - Shot Misses the Net.
12:57 of 2nd period - Puck is out of play.
12:58 of 2nd period - Aleksi Saarela wins face-off versus Jackson Cates in Marlies zone.
13:19 of 2nd period - Snap shot by Nick Paul.
13:19 of 2nd period - Stopped by Charlie Lindgren with a rebound.
13:21 of 2nd period - Snap shot by Nick Paul.
13:21 of 2nd period - Shot Misses the Net.
13:23 of 2nd period - Slapshot by Patrick Sieloff.
13:23 of 2nd period - Stopped by Charlie Lindgren with a rebound.
13:25 of 2nd period - Wrist shot by Jackson Cates.
13:25 of 2nd period - Shot Misses the Net.
13:27 of 2nd period - Snap shot by Philippe Myers.
13:27 of 2nd period - Deflect By Nikita Scherbak.
13:27 of 2nd period - Stopped by Charlie Lindgren without a rebound.
13:28 of 2nd period - Tanner Richard wins face-off versus Colton Sissons in Marlies zone.
13:31 of 2nd period - Snap shot by Curtis Lazar.
13:31 of 2nd period - Goal by Curtis Lazar - Marlies : 3 - Icehogs : 6.
13:32 of 2nd period - Ryan Hartman wins face-off versus Pavel Zacha in neutral zone.
13:43 of 2nd period - Minor Penalty to Ryan Hartman for Hooking.
13:44 of 2nd period - Colton Sissons wins face-off versus Nick Paul in Icehogs zone.
13:49 of 2nd period - Snap shot by Linden Vey.
13:49 of 2nd period - Shot Blocked by Tanner Richard.
13:51 of 2nd period - Wrist shot by Colton Sissons.
13:51 of 2nd period - Shot Misses the Net.
13:53 of 2nd period - Snap shot by Colton Sissons.
13:53 of 2nd period - Stopped by Mackenzie Blackwood without a rebound.
13:54 of 2nd period - Colton Sissons wins face-off versus Nick Paul in Icehogs zone.
14:09 of 2nd period - Wrist shot by Nick Ritchie.
14:09 of 2nd period - Shot Blocked by Ben Harpur.
14:31 of 2nd period - Wrist shot by Nick Ritchie.
14:31 of 2nd period - Deflect By Colton Sissons.
14:31 of 2nd period - Shot Blocked by Mike Reilly.
14:31 of 2nd period - Puck is out of play.
14:32 of 2nd period - Pavel Zacha wins face-off versus Tanner Richard in Icehogs zone.
14:43 of 2nd period - Snap shot by Pavel Zacha.
14:43 of 2nd period - Shot Blocked by Petter Granberg.
14:45 of 2nd period - Wrist shot by Nicholas Baptiste.
14:45 of 2nd period - Stopped by Mackenzie Blackwood with a rebound.
14:47 of 2nd period - Snap shot by JT Compher.
14:47 of 2nd period - Shot Misses the Net.
15:43 of 2nd period - Penalty to Ryan Hartman is over, Ryan Hartman is back on ice.
15:51 of 2nd period - Slapshot by Petter Granberg.
15:51 of 2nd period - Shot Misses the Net.
15:57 of 2nd period - Petter Granberg is hit by Tobias Lindberg and loses puck.
16:25 of 2nd period - Petter Granberg is hit by Jeff Corbett and loses puck.
16:40 of 2nd period - Johan Larsson is hit by Mattias Janmark and loses puck.
16:56 of 2nd period - Tim Erixon is hit by Sam Reinhart and loses puck.
17:13 of 2nd period - Wrist shot by JT Compher.
17:13 of 2nd period - Stopped by Mackenzie Blackwood without a rebound.
17:14 of 2nd period - Logan Brown wins face-off versus Jackson Cates in Icehogs zone.
17:21 of 2nd period - Wrist shot by JT Compher.
17:21 of 2nd period - Deflect By Patrick Sieloff.
17:21 of 2nd period - Shot Misses the Net.
17:21 of 2nd period - Puck is out of play.
17:22 of 2nd period - Pavel Zacha wins face-off versus Ryan Hartman in Icehogs zone.
18:14 of 2nd period - Wrist shot by Colton Sissons.
18:14 of 2nd period - Stopped by Mackenzie Blackwood with a rebound.
18:16 of 2nd period - Snap shot by Brett Pesce.
18:16 of 2nd period - Deflect By Colton Sissons.
18:16 of 2nd period - Stopped by Mackenzie Blackwood without a rebound.
18:17 of 2nd period - Ryan Hartman wins face-off versus Pavel Zacha in Icehogs zone.
18:42 of 2nd period - Linden Vey is hit by Mattias Janmark and loses puck.
18:53 of 2nd period - Snap shot by Curtis Lazar.
18:53 of 2nd period - Shot Misses the Net.
18:55 of 2nd period - Slapshot by Nick Mattson.
18:55 of 2nd period - Shot Misses the Net.
19:09 of 2nd period - Slapshot by Ben Harpur.
19:09 of 2nd period - Deflect By Nick Paul.
19:09 of 2nd period - Stopped by Charlie Lindgren without a rebound.
19:10 of 2nd period - Pavel Zacha wins face-off versus Jackson Cates in Marlies zone.
19:26 of 2nd period - Snap shot by Nick Paul.
19:26 of 2nd period - Shot Misses the Net.
19:28 of 2nd period - Snap shot by Petter Granberg.
19:28 of 2nd period - Stopped by Charlie Lindgren without a rebound.
19:29 of 2nd period - Ryan Hartman wins face-off versus Logan Brown in Marlies zone.
19:54 of 2nd period - Pavel Zacha is hit by Curtis Lazar and loses puck.
Goals for this period are 2 for Marlies vs 3 for Icehogs.
Shots for this period are 18 for Marlies vs 13 for Icehogs.

3rd period


0:01 of 3rd period - Pavel Zacha wins face-off versus Ryan Hartman in neutral zone.
0:07 of 3rd period - Off-side.
0:08 of 3rd period - Pavel Zacha wins face-off versus Ryan Hartman in neutral zone.
0:11 of 3rd period - Ben Harpur is hit by Nick Ritchie.
0:44 of 3rd period - Slapshot by Mikhail Grigorenko.
0:44 of 3rd period - Stopped by Charlie Lindgren without a rebound.
0:45 of 3rd period - Tanner Richard wins face-off versus Logan Brown in Marlies zone.
1:06 of 3rd period - Penalty Shot by Mike Reilly for Icehogs.
1:06 of 3rd period - Deke by Mike Reilly.
1:06 of 3rd period - Stopped by Charlie Lindgren.
1:07 of 3rd period - Pavel Zacha wins face-off versus Ryan Hartman in Icehogs zone.
1:31 of 3rd period - Icing by Neal Pionk.
1:32 of 3rd period - Tanner Richard wins face-off versus Nick Ritchie in Marlies zone.
1:50 of 3rd period - Icing by Mattias Janmark.
1:51 of 3rd period - Logan Brown wins face-off versus Tanner Richard in Icehogs zone.
1:52 of 3rd period - Snap shot by Linden Vey.
1:52 of 3rd period - Shot Misses the Net.
1:58 of 3rd period - JT Compher is hit by Curtis Lazar and loses puck.
2:07 of 3rd period - Backhand shot by Tanner Richard.
2:07 of 3rd period - Goal by Tanner Richard - Marlies : 3 - Icehogs : 7.
2:08 of 3rd period - Ryan Hartman wins face-off versus Pavel Zacha in neutral zone.
2:40 of 3rd period - Slapshot by JT Compher.
2:40 of 3rd period - Stopped by Mackenzie Blackwood with a rebound.
2:54 of 3rd period - Snap shot by Colton Sissons.
2:54 of 3rd period - Shot Misses the Net.
2:56 of 3rd period - Slapshot by Neal Pionk.
2:56 of 3rd period - Shot Misses the Net.
2:58 of 3rd period - Snap shot by Mathieu Olivier.
2:58 of 3rd period - Goal by Mathieu Olivier - Marlies : 4 - Icehogs : 7.
2:59 of 3rd period - Pavel Zacha wins face-off versus Ryan Hartman in neutral zone.
3:16 of 3rd period - Nick Ritchie is hit by Ben Harpur and loses puck.
4:00 of 3rd period - Snap shot by Colton Sissons.
4:00 of 3rd period - Stopped by Mackenzie Blackwood with a rebound.
4:30 of 3rd period - Ryan Hartman is hit by Nick Ritchie and loses puck.
5:23 of 3rd period - Slapshot by Ben Harpur.
5:23 of 3rd period - Shot Blocked by Jeff Corbett.
5:33 of 3rd period - Lucas Carlsson is hit by Ben Harpur and loses puck.
5:52 of 3rd period - Mathieu Olivier is hit by Mattias Janmark and loses puck.
6:11 of 3rd period - Mathieu Olivier is hit by Mikhail Grigorenko and loses puck.
6:18 of 3rd period - Snap shot by Ryan Hartman.
6:18 of 3rd period - Stopped by Charlie Lindgren without a rebound.
6:19 of 3rd period - Ryan Hartman wins face-off versus Pavel Zacha in Marlies zone.
6:22 of 3rd period - Slapshot by Ryan Hartman.
6:22 of 3rd period - Deflect By Sam Reinhart.
6:22 of 3rd period - Shot Misses the Net.
6:22 of 3rd period - Puck is out of play.
6:23 of 3rd period - Ryan Hartman wins face-off versus Pavel Zacha in Marlies zone.
6:30 of 3rd period - Wrist shot by Ryan Hartman.
6:30 of 3rd period - Shot Misses the Net.
6:44 of 3rd period - Minor Penalty to Mikhail Grigorenko for Hooking.
6:45 of 3rd period - Colton Sissons wins face-off versus Ryan Hartman in Icehogs zone.
8:44 of 3rd period - Penalty to Mikhail Grigorenko is over, Mikhail Grigorenko is back on ice.
8:49 of 3rd period - Wrist shot by Aleksi Saarela.
8:49 of 3rd period - Stopped by Mackenzie Blackwood with a rebound.
8:51 of 3rd period - Backhand shot by Lucas Carlsson.
8:51 of 3rd period - Stopped by Mackenzie Blackwood with a rebound.
8:53 of 3rd period - Slapshot by Jeff Corbett.
8:53 of 3rd period - Stopped by Mackenzie Blackwood with a rebound.
8:55 of 3rd period - Snap shot by Aleksi Saarela.
8:55 of 3rd period - Stopped by Mackenzie Blackwood with a rebound.
8:57 of 3rd period - Snap shot by Tobias Lindberg.
8:57 of 3rd period - Goal by Tobias Lindberg - Marlies : 5 - Icehogs : 7.
8:58 of 3rd period - Aleksi Saarela wins face-off versus Ryan Hartman in neutral zone.
9:01 of 3rd period - Wrist shot by Johan Larsson.
9:01 of 3rd period - Stopped by Mackenzie Blackwood with a rebound.
9:03 of 3rd period - Backhand shot by Johan Larsson.
9:03 of 3rd period - Shot Blocked by Nick Mattson.
9:05 of 3rd period - Slapshot by Tim Erixon.
9:05 of 3rd period - Stopped by Mackenzie Blackwood without a rebound.
9:06 of 3rd period - Aleksi Saarela wins face-off versus Sam Reinhart in Icehogs zone.
9:21 of 3rd period - Snap shot by Ryan Hartman.
9:21 of 3rd period - Shot Blocked by Haydn Fleury.
9:29 of 3rd period - Wrist shot by Aleksi Saarela.
9:29 of 3rd period - Shot Misses the Net.
9:31 of 3rd period - Slapshot by Tobias Lindberg.
9:31 of 3rd period - Shot Blocked by Nick Mattson.
9:33 of 3rd period - Slapshot by Tim Erixon.
9:33 of 3rd period - Deflect By Johan Larsson.
9:33 of 3rd period - Stopped by Mackenzie Blackwood without a rebound.
9:34 of 3rd period - Tanner Richard wins face-off versus Pavel Zacha in Icehogs zone.
9:43 of 3rd period - Snap shot by Nick Ritchie.
9:43 of 3rd period - Goal by Nick Ritchie - Marlies : 6 - Icehogs : 7.
9:44 of 3rd period - Ryan Hartman wins face-off versus Pavel Zacha in neutral zone.
9:51 of 3rd period - Snap shot by Mikhail Grigorenko.
9:51 of 3rd period - Stopped by Charlie Lindgren with a rebound.
10:09 of 3rd period - Linden Vey is hit by Curtis Lazar and loses puck.
10:36 of 3rd period - Petter Granberg is hit by Tyler Benson and loses puck.
10:48 of 3rd period - Icing by Aleksi Saarela.
10:49 of 3rd period - Jackson Cates wins face-off versus Aleksi Saarela in Marlies zone.
11:29 of 3rd period - Off-side.
11:30 of 3rd period - Logan Brown wins face-off versus Clark Bishop in neutral zone.
11:37 of 3rd period - Wrist shot by JT Compher.
11:37 of 3rd period - Shot Blocked by Petter Granberg.
12:13 of 3rd period - Off-side.
12:14 of 3rd period - Tanner Richard wins face-off versus Colton Sissons in neutral zone.
12:43 of 3rd period - Off-side.
12:44 of 3rd period - Pavel Zacha wins face-off versus Ryan Hartman in neutral zone.
12:47 of 3rd period - Philippe Myers is hit by Nick Ritchie and loses puck.
12:56 of 3rd period - Snap shot by Nicholas Baptiste.
12:56 of 3rd period - Stopped by Mackenzie Blackwood with a rebound.
12:58 of 3rd period - Wrist shot by Nick Ritchie.
12:58 of 3rd period - Shot Misses the Net.
13:00 of 3rd period - Slapshot by Nicholas Baptiste.
13:00 of 3rd period - Shot Misses the Net.
13:02 of 3rd period - Backhand shot by Nick Ritchie.
13:02 of 3rd period - Shot Blocked by Philippe Myers.
13:04 of 3rd period - Slapshot by Nicholas Baptiste.
13:04 of 3rd period - Stopped by Mackenzie Blackwood with a rebound.
13:16 of 3rd period - Wrist shot by Pavel Zacha.
13:16 of 3rd period - Stopped by Mackenzie Blackwood with a rebound.
13:18 of 3rd period - Slapshot by Tim Erixon.
13:18 of 3rd period - Stopped by Mackenzie Blackwood without a rebound.
13:19 of 3rd period - Logan Brown wins face-off versus Tanner Richard in Icehogs zone.
13:44 of 3rd period - Mathieu Olivier is hit by Petter Granberg and loses puck.
14:07 of 3rd period - Brett Pesce is hit by Rhett Rakhshani and loses puck.
14:08 of 3rd period - Brett Pesce from Marlies is injured at 14:08 of 3rd period (Left Leg).
14:09 of 3rd period - Ryan Hartman wins face-off versus Pavel Zacha in Marlies zone.
14:30 of 3rd period - Minor Penalty to Pavel Zacha for High sticking.
14:31 of 3rd period - Ryan Hartman wins face-off versus Colton Sissons in Marlies zone.
16:30 of 3rd period - Penalty to Pavel Zacha is over, Pavel Zacha is back on ice.
16:42 of 3rd period - Slapshot by Patrick Sieloff.
16:42 of 3rd period - Stopped by Charlie Lindgren with a rebound.
16:44 of 3rd period - Wrist shot by Nick Paul.
16:44 of 3rd period - Stopped by Charlie Lindgren with a rebound.
17:04 of 3rd period - Snap shot by Pavel Zacha.
17:04 of 3rd period - Stopped by Mackenzie Blackwood without a rebound.
17:05 of 3rd period - Johan Larsson wins face-off versus Clark Bishop in Icehogs zone.
17:32 of 3rd period - Jeff Corbett is hit by Mattias Janmark and loses puck.
17:51 of 3rd period - Curtis Lazar is hit by Nick Ritchie and loses puck.
18:12 of 3rd period - Minor Penalty to Nicholas Baptiste for Hooking.
18:13 of 3rd period - Ryan Hartman wins face-off versus Colton Sissons in Marlies zone.
18:19 of 3rd period - Snap shot by Sam Reinhart.
18:19 of 3rd period - Goal by Sam Reinhart - Marlies : 6 - Icehogs : 8.
18:20 of 3rd period - Colton Sissons wins face-off versus Clark Bishop in neutral zone.
18:35 of 3rd period - Wrist shot by Neal Pionk.
18:35 of 3rd period - Stopped by Mackenzie Blackwood with a rebound.
18:48 of 3rd period - Haydn Fleury is hit by Mikhail Grigorenko.
19:26 of 3rd period - Snap shot by Rhett Rakhshani.
19:26 of 3rd period - Shot Misses the Net.
19:28 of 3rd period - Wrist shot by Rhett Rakhshani.
19:28 of 3rd period - Shot Hit the Post.
Goals for this period are 3 for Marlies vs 2 for Icehogs.
Shots for this period are 18 for Marlies vs 7 for Icehogs.